 Dungeon Crawl Stone Soup version 0.22-a0-430-g6609fc6 (webtiles) character file.

1391 MisterFreud the Insei (level 8, -2/48 HPs)
             Began as an Octopode Transmuter on May 26, 2018.
             Was a Follower of Cheibriados.
             Slain by Edmund
             ... wielding a +2 flail of protection
              (11 damage)
             ... on level 6 of the Dungeon.
             The game lasted 00:11:43 (4852 turns).

MisterFreud the Insei (Octopode Transmuter)         Turns: 4852, Time: 00:11:44

Health: -2/48      AC:  2    Str: 12      XL:     8   Next: 68%
Magic:  12/14      EV: 19    Int: 19      God:    Cheibriados [*.....]
Gold:   294        SH:  0    Dex: 15 (19) Spells: 9/15 levels left

rFire    + . .     SeeInvis .     - Unarmed
rCold    + . .     Gourm    .   (shield currently unavailable)
rNeg     . . .     Faith    +   (helmet currently unavailable)
rPois    x         Spirit   .   y - amulet of faith
rElec    .         Reflect  .   u - ring of protection from cold
rCorr    .         Harm     .   E - ring of protection from fire
MR       .....                  (no ring)
Stlth    +.........             (no ring)
HPRegen  0.16/turn              (no ring)
MPRegen  0.14/turn              (no ring)
                                (no ring)
                                (no ring)

@: spider-form, very slow
A: tiny, almost no armour, stealthy swim, (amphibious), 8 rings, (constrict 8)
a: End Transformation, Bend Time, Renounce Religion


You were on level 6 of the Dungeon.
You worshipped Cheibriados.
Cheibriados was aware of your devotion.
You were not hungry.
You were a venomous arachnid creature.
You visited 2 branches of the dungeon, and saw 7 of its levels.

You collected 294 gold pieces.

Inventory:

Missiles
 a - 52 arrows
 e - 70 sling bullets
 i - 144 stones
 j - 34 poisoned needles
 p - 8 needles of sleeping
 v - 4 tomahawks (quivered)
 w - 8 javelins
 B - 24 bolts
 D - 2 tomahawks of dispersal
Jewellery
 f - an uncursed amulet of regeneration
 u - a ring of protection from cold (left front leg)
 y - an amulet of faith (around neck)
 E - a ring of protection from fire (right front leg)
Wands
 q - a wand of flame (14)
 C - a wand of disintegration (16)
Scrolls
 g - 2 scrolls of enchant armour {unknown}
 k - 2 scrolls of remove curse
 l - 2 scrolls of random uselessness {unknown}
 m - 3 scrolls of teleportation {unknown}
 o - 3 scrolls of magic mapping
 r - 3 scrolls of amnesia
 t - a scroll of fog {unknown}
 x - 3 scrolls of blinking {unknown}
 z - a scroll of enchant weapon {unknown}
 A - 2 scrolls of noise {unknown}
 F - a scroll of fear {unknown}
 G - 2 scrolls of identify
Potions
 b - 3 potions of flight
 d - a potion of ambrosia
 h - 2 potions of agility
 n - a potion of lignification
 s - a potion of curing
Comestibles
 c - 13 rations


   Skills:
 - Level 1.0 Fighting
 - Level 2.0 Dodging
 * Level 7.7 Unarmed Combat
 - Level 4.1 Spellcasting
 + Level 6.6 Transmutations


You had 9 spell levels left.
You knew the following spells:

 Your Spells              Type           Power        Failure   Level  Hunger
a - Beastly Appendage     Tmut           ####..       4%          1    None
b - Sticks to Snakes      Tmut           ####....     6%          2    ##.....
c - Spider Form           Tmut/Pois      ###.......   26%         3    ###....

Your spell library contained the following spells:

 Spells                   Type           Power        Failure   Level  Hunger
 Blade Hands              Tmut           ####......   45%         5    ######.
 Ice Form                 Ice/Tmut       ###.....     56%         4    ####...


Dungeon Overview and Level Annotations

Branches:
Dungeon (6/15)             Temple (1/1) D:5

Altars:
Ashenzari
Cheibriados
Dithmenos
Fedhas
Hepliaklqana
Okawaru
Qazlal
Sif Muna
Trog
Wu Jian
Yredelemnul
The Shining One

Annotations:
D:3 exclusion: oklob plant
D:6 Edmund


Innate Abilities, Weirdness & Mutations

You cannot wear most types of armour.
You are very stealthy in the water. (Stealth+)
((You are amphibious.))
You can wear up to eight rings at the same time.
((You can use your tentacles to constrict eight enemies at once.))
((Your skin changes colour to match your surroundings (Stealth+).))
((Your rubbery body absorbs attacks. (AC +1, EV +1)))


Message History

The iron imp disappears in a puff of smoke!
The white imp disappears in a puff of smoke!
Unknown command.
Things that are here:
a falchion; a leather armour; the human corpse of Eustachio You butcher the human corpse of Eustachio.
Edmund hits you with a flail of protection.
* * * LOW HITPOINT WARNING * * *
Items here: % ) [ รท a falchion; a leather armour; 2 chunks of flesh the human skeleton of Eustachio You bite Edmund!
Edmund is moderately wounded.
Edmund barely misses you.
You hit Edmund but do no damage.
Edmund is poisoned.
Edmund is moderately wounded.
You hit Edmund.
Edmund looks as sick as possible!
Edmund is moderately wounded.
Edmund hits you with a flail of protection!
You die...

######
.....###################
####............s.......
#############@..#####
#.....# .?.....#
###$....# ##.(.## ##.##
.# ..


You could see Edmund.

Vanquished Creatures
  Sigmund (D:2)
  Eustachio (D:6)
  The ghost of MisterFreud the Insei, an amateur OpTm (D:3)
  An orc warrior (D:6)
  A black bear (D:6)
  2 ogres
  A bullfrog (D:6)
  2 howler monkeys
  A hound (D:4)
  A centaur skeleton (D:4)
  2 orc priests
  3 orc wizards
  3 worker ants
  A hound zombie (D:5)
  A hound skeleton (D:4)
  Robin (D:3)
  4 adders
  2 shadow imps (D:5)
  3 worms
  2 dart slugs
  4 leopard geckos
  19 orcs
  2 giant cockroaches (D:3)
  11 goblins
  13 hobgoblins
  3 jackals (D:4)
  4 kobolds
  4 quokkas
  A ball python (D:5)
  10 bats
  10 frilled lizards
  A leopard gecko zombie (D:5)
  8 rats
124 creatures vanquished.

Notes
Turn   | Place    | Note
-------+----------+-------------------------------------------
     0 | D:1      | MisterFreud the Octopode Transmuter began the quest for the Orb.
     0 | D:1      | Reached XP level 1. HP: 13/13 MP: 3/3
    82 | D:1      | Reached XP level 2. HP: 16/18 MP: 5/5
    86 | D:1      | Learned a level 2 spell: Sticks to Snakes
   471 | D:1      | Reached skill level 4 in Unarmed Combat
   621 | D:1      | Reached XP level 3. HP: 23/23 MP: 6/6
   898 | D:2      | Learned a level 3 spell: Spider Form
   907 | D:2      | Reached XP level 4. HP: 28/28 MP: 3/7
  1240 | D:2      | Noticed Sigmund
  1248 | D:2      | Killed Sigmund
  1248 | D:2      | Reached skill level 6 in Unarmed Combat
  1248 | D:2      | Reached XP level 5. HP: 33/33 MP: 1/8
  1248 | D:2      | Reached XP level 6. HP: 38/38 MP: 1/9
  1514 | D:3      | Found a shadowy altar of Dithmenos.
  1571 | D:3      | Found an ornate altar of the Wu Jian Council.
  1807 | D:3      | Noticed MisterFreud's ghost (amateur OpTm)
  1827 | D:3      | Killed MisterFreud's ghost
  2137 | D:3      | Found a blossoming altar of Fedhas.
  2155 | D:3      | Noticed an oklob plant
  2259 | D:3      | Noticed Robin
  2280 | D:3      | Killed Robin
  2356 | D:3      | Reached XP level 7. HP: 33/43 MP: 11/11
  3749 | D:5      | Entered Level 5 of the Dungeon
  3772 | D:5      | Found a hazy altar of Hepliaklqana.
  3820 | D:5      | Found a staircase to the Ecumenical Temple.
  3829 | Temple   | Entered the Ecumenical Temple
  3867 | Temple   | Became a worshipper of Cheibriados the Contemplative
  3921 | D:5      | Reached skill level 5 in Transmutations
  3921 | D:5      | Reached XP level 8. HP: 48/48 MP: 10/14
  3994 | D:5      | Found a deep blue altar of Sif Muna.
  4440 | D:6      | Reached * piety under Cheibriados
  4599 | D:6      | Reached skill level 7 in Unarmed Combat
  4813 | D:6      | Noticed Eustachio
  4814 | D:6      | Noticed Edmund
  4847 | D:6      | Killed Eustachio
  4852 | D:6      | Slain by Edmund

Vault maps used:
D:1:      dpeg_arrival_simpleton_c
D:2:      first_ration, uniq_sigmund
D:3:      wad_lake_hut, lemuel_coloured_pillars_altar,
          grunt_dithmenos_smoke_and_mirrors, tgw_fedhas, uniq_robin
D:4:      kb_forest_paths, minivault_24
D:5:      led_sif_pool, minmay_temple_entry_glass, basic_altar
D:6:      kennysheep_generic_room_12, uniq_edmund, uniq_crazy_yiuf_cottage,
          uniq_eustachio, uniq_grinder
Temple:   regret_index_temple_waves

Skill      XL: |  1  2  3  4  5  6  7  8 |
---------------+-------------------------+-----
Unarmed Combat | 4 6 7 |  7.7
Transmutations | 3 5 6 |  6.6
Spellcasting   | 3 4 |  4.1
Fighting       | |  1.0
Dodging        | |  2.0

Action                   |  1- 3 |  4- 6 |  7- 9 || total
-------------------------+-------+-------+-------++-------
Melee: Unarmed           |    66 |    99 |   181 ||   346
       Constrict         |    19 |    25 |    23 ||    67
       Tentacles         |     9 |    12 |    19 ||    40
       Punch             |       |     3 |     5 ||     8
Throw: Stone             |       |       |     3 ||     3
       Tomahawk          |       |       |     2 ||     2
 Cast: Spider Form       |     1 |     2 |     7 ||    10
Evoke: Wand              |       |       |     1 ||     1
  Use: Scroll            |       |     7 |     4 ||    11
       Potion            |       |       |     3 ||     3
 Stab: Sleeping          |     5 |     4 |     6 ||    15
  Eat: Chunk             |       |     5 |     5 ||    10
       Ration            |       |       |     1 ||     1
Armor: Skin              |     4 |     5 |    17 ||    26
Dodge: Dodged            |    27 |    52 |   142 ||   221

Table legend:
 A = Spawn XP
 B = Non-spawn XP
 C = Spawn XP percentage of total XP
 D = Spawn monster count
 E = Non-spawn monster count
 F = Spawn count percentage of total count
 G = Total turns spent on level
                    A         B        C        D         E        F      G
               +---------+---------+-------+---------+---------+-------+---------
         Total |       0 |    1988 |   0.0 |       0 |     124 |   0.0 |  4852
               +---------+---------+-------+---------+---------+-------+---------
           D:1 |       0 |      37 |   0.0 |       0 |      21 |   0.0 |   730
           D:2 |       0 |     284 |   0.0 |       0 |      18 |   0.0 |   722
           D:3 |       0 |     353 |   0.0 |       0 |      46 |   0.0 |  1252
           D:4 |       0 |     409 |   0.0 |       0 |      18 |   0.0 |  1045
           D:5 |       0 |     265 |   0.0 |       0 |      12 |   0.0 |   586
           D:6 |       0 |     640 |   0.0 |       0 |       9 |   0.0 |   446
               +---------+---------+-------+---------+---------+-------+---------
